 Dungeon Crawl Stone Soup version 0.26.1-11-gd32895ea62 (webtiles) character file.

Game seed: 11687920729165851624

507 Descartes the Ruffian (level 6, -5/62 HPs)
             Began as a Troll Chaos Knight on June 12, 2021.
             Was a Plaything of Xom.
             Slain by an ice devil (17 damage)
             ... summoned by Xom
             ... on level 4 of the Dungeon.
             The game lasted 00:07:11 (2369 turns).

Descartes the Ruffian (Troll Chaos Knight)          Turns: 2369, Time: 00:07:11

Health: -5/62      AC:  9    Str: 21    XL:     6   Next: 97%
Magic:  0/5        EV: 11    Int:  9    God:    Xom [......]
Gold:   124        SH:  0    Dex: 10    Spells: 5/5 levels left

rFire    . . .     SeeInvis .     - Unarmed
rCold    . . .     Faith    .   (no shield)
rNeg     . . .     Spirit   +   a - +2 robe
rPois    .         Reflect  .   (helmet restricted)
rElec    .         Harm     .   s - +0 cloak
rCorr    .         Rampage  .   (gloves unavailable)
Will     .....                  (boots unavailable)
Stlth    ++........             n - amulet of guardian spirit
HPRegen  0.60/turn              (no ring)
MPRegen  0.09/turn              l - ring of stealth

@: no status effects
A: large, unfitting armour, beak, claws 3, high mp 1, regeneration 1, shaggy fur
1, tough skin 3
a: Renounce Religion


You were on level 4 of the Dungeon.
You worshipped Xom.
You were a very special plaything of Xom.
You visited 1 branch of the dungeon, and saw 4 of its levels.

You collected 124 gold pieces.

Inventory:

Missiles
 h - 125 stones (quivered)
 i - 13 sling bullets
 q - 11 poisoned darts
 u - a throwing net
 w - 4 boomerangs
Armour
 a - a +2 robe (worn)
 s - a +0 cloak (worn)
Jewellery
 l - a ring of stealth (right claw)
 m - an uncursed ring of magical power
 n - an amulet of guardian spirit (around neck)
 v - an uncursed ring of ice
Wands
 d - a wand of digging (2)
 o - a wand of flame (18)
 p - a wand of polymorph (9)
Scrolls
 c - 2 scrolls of teleportation
 f - 4 scrolls of magic mapping
 t - a scroll of noise {unknown}
Potions
 b - a potion of degeneration {unknown}
 e - 2 potions of cancellation {unknown}
 g - a potion of invisibility {unknown}
 j - 2 potions of curing {unknown}
 k - a potion of lignification {unknown}
 r - a potion of flight {unknown}


   Skills:
 + Level 3.9 Fighting
 + Level 3.0 Throwing
 + Level 3.5 Dodging
 + Level 4.7 Unarmed Combat


You had 5 spell levels left.
You didn't know any spells.
Your spell library was empty.

Dungeon Overview and Level Annotations

Branches:
Dungeon (4/15)
 Temple: D:4-7

Altars:

Shops:
D:4 }


Innate Abilities, Weirdness & Mutations

You are too large for most types of armour.
You have claws for hands.
Your natural rate of healing is unusually fast.
You are covered in fur. (AC +1)
You have extremely tough skin. (AC +3)
You have a beak for a mouth.
You have an increased reservoir of magic. (+10% MP)


Message History

The ice devil is heavily wounded.
The ice devil hits you. The ice devil freezes you!
* * * LOW HITPOINT WARNING * * *
You scratch the ice devil.
The ice devil is heavily wounded.
The ice devil barely misses you.
The crimson imp shouts, "Leave, thou defiled hell-hated pigeon-egg!"
You scratch the ice devil but do no damage.
Your peck misses the ice devil.
The ice devil is heavily wounded.
The ice devil barely misses you.
You scratch the ice devil but do no damage.
The ice devil is heavily wounded.
The ice devil barely misses you.
You claw the ice devil! Your peck misses the ice devil.
The ice devil is severely wounded.
The ice devil hits you.
* * * LOW HITPOINT WARNING * * *
The ice devil freezes you!!
You die...

### ### #########.# ..#
#.........# #.#
#.#######.# #.# #.# #.#
#.# ########.# #.#
#.######........# #.#
..#....#.##############.#
..#.##<#.# #.@5......#
..#.####.# #4#########
..#......# #. ..#..#####
#.# .........# #.#
).#..###.######.####
)............>......
..............#.#
.########..##.#


You could see an ice devil (summoned) and a crimson imp (summoned).

Vanquished Creatures
  A howler monkey (D:3)
  4 orc priests (D:3)
  Terence (D:2)
  4 orc wizards
  Robin (D:3)
  7 gnolls
  3 adders
  An ooze (D:4)
  2 worms
  A dart slug (D:4)
  17 orcs
  5 giant cockroaches
  13 goblins
  10 hobgoblins
  7 jackals
  A quokka (D:4)
  2 ball pythons
  3 bats
  2 frilled lizards
  3 kobolds
  4 rats
92 creatures vanquished.

Vanquished Creatures (others)
  16 plants
16 creatures vanquished.

Grand Total: 108 creatures vanquished

Notes
Turn   | Place    | Note
-------+----------+-------------------------------------------
     0 | D:1      | Descartes the Troll Chaos Knight began the quest for the
                  | Orb.
     0 | D:1      | Reached XP level 1. HP: 22/22 MP: 0/0
   105 | D:1      | Reached XP level 2. HP: 29/29 MP: 1/1
   247 | D:1      | XOM: silly message
   651 | D:2      | Reached skill level 1 in Throwing
   651 | D:2      | Reached XP level 3. HP: 36/36 MP: 2/2
   708 | D:2      | Noticed Terence
   716 | D:2      | Killed Terence
   857 | D:2      | Reached XP level 4. HP: 44/44 MP: 3/3
   877 | D:2      | XOM: 2-stop teleportation journey
  1271 | D:3      | XOM: divination: detect items
  1279 | D:3      | Reached XP level 5. HP: 53/53 MP: 4/4
  1280 | D:3      | Found a faded altar of an unknown god.
  1300 | D:3      | Reached skill level 4 in Unarmed Combat
  1388 | D:3      | XOM: cast spell 'Leda's Liquefaction'
  1395 | D:3      | Reached XP level 6. HP: 53/61 MP: 5/5
  1472 | D:3      | Noticed Robin
  1495 | D:3      | Killed Robin
  1618 | D:3      | XOM: god gift: 13 stones
  1636 | D:3      | XOM: give mutations
  1636 | D:3      | Gained mutation: You have a beak for a mouth. [Xom's grace]
  1636 | D:3      | Gained mutation: You have an increased reservoir of magic.
                  | (+10% MP) [Xom's grace]
  1931 | D:3      | XOM: god gift: scroll labelled LYSEVE YC VED {god gift}
  1986 | D:4      | Found Jaux Ochol's Gadget Shop.
  2006 | D:4      | XOM is BORED!
  2047 | D:4      | XOM: confuse monster(s)
  2357 | D:4      | XOM: summons 2 hostile demons
  2358 | D:4      | Noticed an ice devil
  2369 | D:4      | Slain by an ice devil

Illustrated notes

Levels and vault maps discovered:
D:1:      kennysheep_arrival_forest, layout_rooms, serial_bayou_pond_c,
          minivault_14
D:2:      layout_rooms, kennysheep_boxes, uniq_terence
D:3:      layout_basic, chequers_ecumenical_altar_simple, uniq_robin
D:4:      layout_basic, serial_shops, nicolae_shop_crystal

Skill      XL: |  1  2  3  4  5  6 |
---------------+-------------------+-----
Dodging        | 2 3 |  3.5
Throwing       | 1 2 3 |  3.0
Fighting       | 3 |  3.9
Unarmed Combat | 4 |  4.7

Action                   |  1- 3 |  4- 6 || total
-------------------------+-------+-------++-------
Melee: Unarmed           |    75 |   206 ||   281
       Punch             |     1 |     2 ||     3
       Peck              |       |    16 ||    16
  Use: Scroll            |     3 |     3 ||     6
 Stab: Sleeping          |     1 |     1 ||     2
       Distracted        |       |     1 ||     1
Armor: Robe              |    31 |   101 ||   132
Dodge: Dodged            |    38 |   127 ||   165
